AoeStats
← SW_Paul

Black Forest

510072351Analyzed
4v4 RM · 1d ago on Sep 29, 2026· 82m 59s· 8 players
Game mode
Random Map
Map size
Large (8 player)
Population
200
Speed
Normal
Resources
Standard
Victory
Conquest
Starting age
Dark Age
Ending age
Imperial Age
RankedLock teamsTeams togetherTeam positionsShared explorationLock speedFull tech treeHidden civsTurbo modeCheats
Victory
Defeat
🇨🇳 Varangians · China
1224
+14
🇻🇳 Persians · Vietnam
1201
+15
🇨🇳 Teutons · China
1161
+16
🇮🇳 Bohemians · India
1159
+16
🇦🇺 Ethiopians · Australia
1231
-19
🇦🇺 Huns · Australia
1215
-17
🇩🇪 Byzantines · Germany
1126
-13
🇷🇺 Burmese · Russia
1098
-12
dipsh*t
1:39 Loom
11:25 Feudal Age
12:17 Double-Bit Axe
12:14 Horse Collar
17:26 Castle Age
19:39 Bow Saw
19:31 Heavy Plow
33:07 Imperial Age
31:17 Wagenburg Tactics
31:34 Fletching
31:45 Padded Archer Armor
32:19 Ballistics
33:18 Chemistry
33:47 Fortified Wall
34:36 Conscription
33:44 Elite Hussite Wagon
36:15 Bodkin Arrow
36:35 Leather Archer Armor
36:31 Houfnice
44:54 Two-Man Saw
44:00 Squires
43:21 Pikeman
44:15 Forging
44:05 Scale Mail Armor
44:02 Halberdier
46:44 Chain Mail Armor
48:26 Iron Casting
48:21 Plate Mail Armor
50:22 Arson
51:55 Caravan
53:46 Blast Furnace
65:41 Town Watch
66:31 Wheelbarrow
70:57 Bracer
71:27 Ring Archer Armor
71:12 Masonry
SW_Paul
5:11 Loom
11:40 Feudal Age
13:36 Double-Bit Axe
13:35 Horse Collar
16:45 Castle Age
14:37 Stone Mining
15:20 Gold Mining
18:41 Bow Saw
19:21 Stone Shaft Mining
21:47 Fervor
23:27 Wheelbarrow
23:15 Heavy Plow
28:08 Fletching
29:41 Scale Barding Armor
30:16 Forging
30:28 Bodkin Arrow
35:07 Imperial Age
33:47 Stone Shaft Mining
35:14 Elite Jarl
36:43 Conscription
37:31 Two-Man Saw
37:04 Crop Rotation
36:56 Chain Barding Armor
36:56 Bloodlines
36:47 Husbandry
38:21 Plate Barding Armor
38:22 Iron Casting
38:34 Hand Cart
41:49 Blast Furnace
42:03 Squires
41:49 Arson
42:06 Bracer
42:08 Scale Mail Armor
45:57 Chain Mail Armor
45:42 Padded Archer Armor
47:22 Plate Mail Armor
47:21 Treadmill Crane
47:40 Murder Holes
48:53 Leather Archer Armor
48:49 Elite Varangian Guard
50:58 Ballistics
50:44 Siege Engineers
50:25 Gothikon
52:08 Ring Archer Armor
52:14 Pikeman
53:13 Caravan
53:17 Capped Ram
54:25 Siege Ram
57:33 Elite Skirmisher
59:28 Chemistry
60:19 Halberdier
72:33 Onager
82:22 Coinage
83:36 Banking
La Apple
10:51 Feudal Age
14:26 Castle Age
12:18 Double-Bit Axe
12:14 Horse Collar
16:08 Bow Saw
16:10 Heavy Plow
20:45 Wheelbarrow
21:29 Stone Mining
23:25 Hand Cart
24:09 Stone Shaft Mining
26:59 Loom
27:00 Town Watch
27:26 Scale Barding Armor
27:32 Forging
30:34 Imperial Age
28:02 Gold Mining
28:57 Chain Barding Armor
31:23 Iron Casting
30:52 Elite War Elephant
32:40 Crop Rotation
33:10 Two-Man Saw
32:54 Conscription
33:51 Plate Barding Armor
34:16 Blast Furnace
34:22 Husbandry
34:33 Bloodlines
35:56 Caravan
38:07 Citadels
39:09 Fletching
40:46 Bodkin Arrow
42:40 Gold Shaft Mining
43:09 Devotion
46:16 Padded Archer Armor
45:46 Light Cavalry
48:11 Hussar
53:24 Faith
57:30 Chemistry
56:51 Ballistics
64:00 Heavy Cavalry Archer
64:46 Thumb Ring
65:38 Parthian Tactics
67:16 Leather Archer Armor
76:50 Ring Archer Armor
新手村天幕星
10:55 Feudal Age
15:05 Castle Age
13:22 Double-Bit Axe
13:20 Horse Collar
19:00 Heavy Plow
19:54 Bow Saw
24:56 Wheelbarrow
24:28 Gold Mining
24:36 Loom
26:01 Stone Mining
30:28 Imperial Age
28:28 Scale Mail Armor
28:39 Forging
29:13 Squires
28:59 Arson
28:37 Pikeman
29:34 Chain Mail Armor
30:51 Town Watch
31:52 Iron Casting
30:42 Halberdier
32:40 Chemistry
34:00 Crop Rotation
34:17 Plate Mail Armor
34:48 Blast Furnace
34:06 Fletching
35:10 Guilds
36:07 Conscription
36:40 Bow Saw
36:50 Hand Cart
37:45 Ballistics
38:32 Crenellations
38:32 Ironclad
38:20 Bodkin Arrow
39:09 Hoardings
39:50 Town Patrol
40:17 Caravan
40:58 Fortified Wall
40:58 Masonry
42:28 Two-Man Saw
41:06 Onager
43:17 Hoardings
44:05 Coinage
51:25 Banking
51:26 Siege Onager
56:58 Siege Engineers
57:35 Bombard Tower
58:58 Elite Teutonic Knight
60:17 Bombard Tower
61:57 Arrowslits
63:38 Heavy Scorpion
putinonaritz
12:06 Feudal Age
16:01 Castle Age
16:27 Double-Bit Axe
17:36 Bow Saw
23:54 Loom
25:09 Wheelbarrow
25:59 Fletching
28:23 Hand Cart
31:54 Imperial Age
30:39 Ballistics
30:19 Bodkin Arrow
31:02 Padded Archer Armor
30:51 Crossbowman
31:38 Thumb Ring
32:25 Arbalester
38:22 Chemistry
37:24 Bracer
37:39 Leather Archer Armor
57:42 Elite Skirmisher
65:18 Torsion Engines
noziemann
0:27 Loom
10:44 Feudal Age
16:00 Castle Age
14:17 Double-Bit Axe
22:23 Horse Collar
23:10 Redemption
25:32 Wheelbarrow
25:12 Heavy Plow
25:45 Bow Saw
27:06 Fletching
30:04 Imperial Age
28:35 Fervor
28:49 Sanctity
29:02 Gold Mining
31:18 Gold Shaft Mining
32:25 Chemistry
31:42 Caravan
31:39 Onager
32:41 Squires
32:30 Gambesons
32:47 Scale Mail Armor
33:24 Hand Cart
33:25 Fortified Wall
34:08 Hoardings
34:21 Block Printing
34:33 Illumination
33:59 Arson
34:32 Chain Mail Armor
35:09 Guilds
34:36 Pikeman
36:29 Plate Mail Armor
36:28 Halberdier
40:06 Theocracy
42:46 Conscription
42:18 Elite Varangian Guard
43:14 Forging
45:13 Iron Casting
45:00 Logistica
73:22 Elite Skirmisher
81:03 Ballistics
*
0:35 Loom
13:29 Feudal Age
18:51 Castle Age
19:14 Scale Barding Armor
19:37 Horse Collar
20:56 Chain Barding Armor
23:40 Wheelbarrow
27:08 Husbandry
27:20 Bloodlines
29:09 Forging
33:09 Hand Cart
32:58 Caravan
37:19 Gold Mining
40:25 Iron Casting
39:55 Town Watch
40:16 Heavy Plow
44:41 Imperial Age
42:53 Manipur Cavalry
43:01 Stone Mining
45:48 Conscription
46:11 Plate Barding Armor
46:38 Gold Shaft Mining
46:06 Heavy Scorpion
48:16 Crop Rotation
48:05 Elite Battle Elephant
48:47 Fletching
51:33 Howdah
52:37 Blast Furnace
51:33 Bodkin Arrow
57:23 Town Patrol
57:24 Light Cavalry
58:52 Hussar
59:40 Capped Ram
62:36 Bracer
62:37 Padded Archer Armor
63:03 Guilds
63:23 Coinage
63:03 Treadmill Crane
63:44 Ballistics
64:24 Chemistry
63:22 Murder Holes
63:37 Fortified Wall
63:38 Masonry
66:26 Banking
67:33 Siege Engineers
69:44 Heated Shot
70:25 Architecture
mukBUBBA
12:35 Feudal Age
17:35 Castle Age
16:00 Horse Collar
16:09 Double-Bit Axe
16:18 Gold Mining
18:09 Wheelbarrow
20:05 Heavy Plow
20:19 Bow Saw
22:03 Hand Cart
30:31 Imperial Age
28:11 Scale Barding Armor
28:17 Forging
29:31 Gold Shaft Mining
28:49 Stone Mining
30:07 Chain Barding Armor
30:23 Iron Casting
30:10 Loom
31:06 Marauders
31:19 Bloodlines
31:10 Husbandry
32:15 Plate Barding Armor
32:30 Guilds
31:43 Elite Tarkan
32:52 Conscription
35:22 Blast Furnace
40:42 Ballistics
40:34 Masonry
40:19 Fletching
42:30 Bodkin Arrow
43:38 Chemistry
47:34 Caravan
49:54 Light Cavalry
50:48 Hussar
52:58 Bracer
55:05 Padded Archer Armor
55:06 Scale Mail Armor
60:32 Cavalier
61:31 Chain Mail Armor
61:32 Leather Archer Armor
62:08 Paladin
72:00 Elite Skirmisher
72:46 Thumb Ring
Connection lost

Rejoining the realm…

Still unreachable

The connection could not be restored.

Session expired

The server has moved on; the page needs a fresh start.